General information
- name: BNet
- type: Ladder team game (AT/RT)
- host: Battle.net
- saver: DoNotDisturb
map: GolemsInTheMist
- players: 8
- length: 20:08
- speed: Fast
- version: 1.26 W3XP
- replay type: Public
» download(118 KB)
Players
team 1 (loser)
iTH.ExCeLLeNT (
pink | 72 APM | 1309 actions | 18:12)
4 Death Knight
2 Death Coil
2 Unholy Aura
3 Lich
2 Frost Nova
1 Frost Armor
» actions
| Assign group hotkey | 149 | |
| Basic commands | 59 | |
| Build / train | 43 | |
| ESC pressed | 2 | |
| Enter build submenu | 14 | |
| Enter hero's abilities submenu | 7 | |
| Give item / drop item | 1 | |
| Right click | 459 | |
| Select / deselect | 253 | |
| Select group hotkey | 257 | |
| Use ability | 65 | |
1309 total
» units
| Acolyte | 2 | |
| Ghoul | 5 | |
| Crypt Fiend | 7 | |
| Frost Wyrm | 9 | |
23 total
» upgrades
» buildings
| Graveyard | 1 | |
| Crypt | 1 | |
| Altar of Darkness | 1 | |
| Ziggurat | 6 | |
| Tomb of Relics | 1 | |
| Halls of the Dead | 1 | |
| Nerubian Tower | 1 | |
| Black Citadel | 1 | |
| Slaughterhouse | 1 | |
| Sacrificial Pit | 1 | |
| Boneyard | 2 | |
17 total
» build order
00:07 Graveyard
00:10 Crypt
00:43 Altar of Darkness
00:58 Ziggurat
01:24 Tomb of Relics
02:00 Ziggurat
03:32 Halls of the Dead
04:05 Nerubian Tower
04:41 Ziggurat
06:00 Black Citadel
06:42 Slaughterhouse
07:36 Ziggurat
08:30 Sacrificial Pit
09:24 Boneyard
09:43 Boneyard
10:22 Ziggurat
10:26 Ziggurat
» items
| Rod of Necromancy | 2 | |
| Dust of Appearance | 1 | |
| Potion of Healing | 1 | |
| Orb of Corruption | 3 | |
7 total

»
stev18 (
purple | 49 APM | 892 actions | 18:09)
5 Death Knight
3 Death Coil
2 Unholy Aura
» actions
| Assign group hotkey | 9 | |
| Basic commands | 23 | |
| Build / train | 54 | |
| Enter build submenu | 15 | |
| Enter hero's abilities submenu | 5 | |
| Give item / drop item | 1 | |
| Remove unit from queue | 2 | |
| Right click | 426 | |
| Select / deselect | 101 | |
| Select group hotkey | 225 | |
| Use ability | 31 | |
892 total
» units
| Acolyte | 11 | |
| Ghoul | 7 | |
| Crypt Fiend | 6 | |
| Frost Wyrm | 3 | |
| Huntress | 4 | |
| Archer | 3 | |
34 total
» upgrades
| Creature Attack | 3 | |
| Web | 1 | |
| Creature Carapace | 1 | |
| Freezing Breath | 1 | |
6 total
» buildings
| Ziggurat | 5 | |
| Altar of Darkness | 1 | |
| Crypt | 1 | |
| Tomb of Relics | 1 | |
| Graveyard | 1 | |
| Nerubian Tower | 1 | |
| Halls of the Dead | 1 | |
| Black Citadel | 1 | |
| Sacrificial Pit | 1 | |
| Boneyard | 3 | |
| Necropolis | 1 | |
17 total
» build order
00:12 Ziggurat
00:24 Altar of Darkness
00:39 Crypt
01:10 Ziggurat
01:17 Tomb of Relics
01:43 Graveyard
02:01 Ziggurat
03:57 Nerubian Tower
05:17 Halls of the Dead
06:13 Ziggurat
06:14 Ziggurat
08:29 Black Citadel
08:39 Sacrificial Pit
11:06 Boneyard
11:08 Boneyard
11:11 Boneyard
11:43 Necropolis
» items
| Rod of Necromancy | 1 | |
| Potion of Healing | 1 | |
| Orb of Corruption | 1 | |
3 total
APerfectCircle (
green | 74 APM | 1488 actions | 20:06)
6 Blademaster
3 Wind Walk
3 Critical Strike
» actions
| Assign group hotkey | 208 | |
| Basic commands | 110 | |
| Build / train | 54 | |
| Enter build submenu | 28 | |
| Enter hero's abilities submenu | 6 | |
| Give item / drop item | 5 | |
| Right click | 551 | |
| Select / deselect | 248 | |
| Select group hotkey | 119 | |
| Use ability | 159 | |
1488 total
» units
| Peon | 8 | |
| Grunt | 6 | |
| Goblin Shredder | 2 | |
| Wind Rider | 12 | |
28 total
» upgrades
| Ranged Weapons | 3 | |
| Armor | 3 | |
| Reinforced Defenses | 1 | |
7 total
» buildings
| Orc Burrow | 6 | |
| Altar of Storms | 1 | |
| Barracks | 1 | |
| Voodoo Lounge | 1 | |
| Stronghold | 2 | |
| War Mill | 2 | |
| Beastiary | 4 | |
| Watch Tower | 15 | |
| Great Hall | 1 | |
| Fortress | 1 | |
34 total
» build order
00:21 Orc Burrow
00:42 Altar of Storms
00:54 Barracks
01:34 Orc Burrow
01:51 Voodoo Lounge
02:58 Stronghold
04:01 Orc Burrow
04:33 War Mill
05:23 Beastiary
05:26 Beastiary
06:07 Orc Burrow
06:09 Watch Tower
06:12 Watch Tower
06:14 Watch Tower
08:31 Great Hall
08:35 Watch Tower
08:42 Watch Tower
08:51 War Mill
08:57 Watch Tower
08:57 Watch Tower
08:57 Watch Tower
10:37 Orc Burrow
12:02 Fortress
12:04 Beastiary
12:10 Beastiary
15:40 Watch Tower
15:41 Watch Tower
15:42 Watch Tower
15:42 Watch Tower
15:43 Watch Tower
15:43 Watch Tower
15:43 Watch Tower
17:38 Orc Burrow
» items
| Healing Salve | 3 | |
| Scroll of Town Portal | 3 | |
| Orb of Corruption | 1 | |
| Potion of Healing | 1 | |
8 total
lpoil_Rusty137_ (
yellow | 74 APM | 1055 actions | 14:18)
4 Priestess of the Moon
2 Trueshot Aura
2 Searing Arrows
» actions
| Assign group hotkey | 25 | |
| Basic commands | 71 | |
| Build / train | 51 | |
| Enter build submenu | 9 | |
| Enter hero's abilities submenu | 5 | |
| Remove unit from queue | 2 | |
| Right click | 536 | |
| Select / deselect | 148 | |
| Select group hotkey | 194 | |
| Use ability | 14 | |
1055 total
» units
| Wisp | 11 | |
| Huntress | 18 | |
| Goblin Sapper | 6 | |
35 total
» upgrades
| Ultravision | 1 | |
| Strength of the Moon | 2 | |
| Moon Armor | 2 | |
| Upgrade Moon Glaive | 1 | |
6 total
» buildings
| Altar of Elders | 1 | |
| Moon Well | 4 | |
| Hunter's Hall | 1 | |
| Ancient of War | 2 | |
| Ancient of Wonders | 1 | |
| Tree of Ages | 1 | |
| Tree of Eternity | 1 | |
11 total
» build order
00:07 Altar of Elders
00:20 Moon Well
01:33 Hunter's Hall
02:08 Ancient of War
02:11 Ancient of War
02:30 Moon Well
02:35 Ancient of Wonders
02:41 Moon Well
04:17 Moon Well
07:43 Tree of Ages
10:28 Tree of Eternity
team 2 (winner)
partyanimalcake (
teal | 62 APM | 499 actions | 08:04)
3 Death Knight
1 Death Coil
2 Unholy Aura
» actions
| Assign group hotkey | 28 | |
| Basic commands | 10 | |
| Build / train | 30 | |
| Enter build submenu | 9 | |
| Enter hero's abilities submenu | 3 | |
| Give item / drop item | 3 | |
| Right click | 176 | |
| Select / deselect | 207 | |
| Select group hotkey | 9 | |
| Use ability | 24 | |
499 total
» units
| Acolyte | 3 | |
| Ghoul | 2 | |
| Crypt Fiend | 8 | |
13 total
» upgrades
| Creature Attack | 1 | |
| Creature Carapace | 1 | |
| Web | 1 | |
3 total
» buildings
| Ziggurat | 4 | |
| Crypt | 1 | |
| Graveyard | 1 | |
| Altar of Darkness | 1 | |
| Tomb of Relics | 1 | |
| Nerubian Tower | 2 | |
| Halls of the Dead | 1 | |
| Spirit Tower | 1 | |
12 total
» build order
00:12 Ziggurat
00:17 Crypt
00:49 Graveyard
00:59 Altar of Darkness
01:28 Ziggurat
02:00 Tomb of Relics
02:10 Nerubian Tower
04:14 Nerubian Tower
04:37 Halls of the Dead
04:47 Ziggurat
06:08 Ziggurat
07:43 Spirit Tower
» items
| Rod of Necromancy | 3 | |
| Potion of Healing | 1 | |
| Potion of Mana | 1 | |
5 total

»
1.x (
blue | 53 APM | 424 actions | 07:57)
1 Blademaster
1 Wind Walk
1 Demon Hunter
1 Mana Burn
» actions
| Build / train | 32 | |
| Enter build submenu | 9 | |
| Enter hero's abilities submenu | 2 | |
| Remove unit from queue | 1 | |
| Right click | 234 | |
| Select / deselect | 128 | |
| Use ability | 18 | |
424 total
» units
» upgrades
| Melee Weapons | 1 | |
| Armor | 1 | |
| Strength of the Moon | 1 | |
| Berserker Strength | 1 | |
4 total
» buildings
| Altar of Storms | 1 | |
| Orc Burrow | 4 | |
| Voodoo Lounge | 1 | |
| Barracks | 1 | |
| War Mill | 1 | |
| Moon Well | 1 | |
| Stronghold | 1 | |
| Tree of Ages | 1 | |
11 total
» build order
00:05 Altar of Storms
00:09 Orc Burrow
00:48 Voodoo Lounge
01:22 Barracks
02:10 War Mill
02:24 Orc Burrow
03:54 Moon Well
04:35 Stronghold
04:53 Tree of Ages
05:31 Orc Burrow
06:31 Orc Burrow
» items
| Healing Salve | 1 | |
| Lesser Clarity Potion | 2 | |
3 total
warcrft (
orange | 25 APM | 94 actions | 03:45)
» actions
| Basic commands | 2 | |
| Build / train | 16 | |
| ESC pressed | 1 | |
| Enter build submenu | 9 | |
| Right click | 14 | |
| Select / deselect | 45 | |
| Use ability | 7 | |
94 total
» units
» upgrades
» buildings
| Moon Well | 3 | |
| Hunter's Hall | 1 | |
| Ancient of War | 1 | |
| Altar of Elders | 1 | |
6 total
» build order
00:49 Moon Well
01:13 Hunter's Hall
01:25 Ancient of War
01:43 Moon Well
02:13 Altar of Elders
02:38 Moon Well
DoNotDisturb (
red | 70 APM | 1404 actions | 20:08)
3 Blood Mage
2 Flame Strike
1 Siphon Mana
» actions
| Assign group hotkey | 31 | |
| Basic commands | 50 | |
| Build / train | 124 | |
| ESC pressed | 4 | |
| Enter build submenu | 71 | |
| Enter hero's abilities submenu | 3 | |
| Give item / drop item | 1 | |
| Remove unit from queue | 1 | |
| Right click | 437 | |
| Select / deselect | 329 | |
| Select group hotkey | 239 | |
| Use ability | 114 | |
1404 total
» units
| Peasant | 16 | |
| Footman | 9 | |
| Goblin Shredder | 2 | |
| Peon | 2 | |
| Sorceress | 1 | |
| Gryphon Rider | 3 | |
| Dragonhawk Rider | 1 | |
34 total
» upgrades
| Masonry | 3 | |
| Spiked Barricades | 3 | |
| Ultravision | 1 | |
| Swords | 3 | |
| Lumber Harvesting | 2 | |
| Sorceress Training | 2 | |
| Magic Sentry | 1 | |
| Animal War Training | 1 | |
| Storm Hammers | 1 | |
| Armor | 3 | |
| Cloud | 1 | |
| Reinforced Defenses | 1 | |
22 total
» buildings
| Altar of Kings | 1 | |
| Barracks | 1 | |
| Farm | 7 | |
| Scout Tower | 32 | |
| Arcane Tower | 1 | |
| Arcane Vault | 1 | |
| Town Hall | 1 | |
| Lumber Mill | 1 | |
| Keep | 1 | |
| Guard Tower | 40 | |
| Blacksmith | 2 | |
| Ziggurat | 3 | |
| Watch Tower | 13 | |
| Castle | 2 | |
| Spirit Tower | 3 | |
| Arcane Sanctum | 2 | |
| Gryphon Aviary | 3 | |
| Fortress | 1 | |
115 total
» build order
00:03 Altar of Kings
00:08 Barracks
00:10 Farm
00:56 Farm
01:34 Scout Tower
01:56 Farm
02:20 Arcane Tower
03:10 Arcane Vault
03:37 Town Hall
04:27 Farm
04:51 Scout Tower
04:51 Scout Tower
05:21 Lumber Mill
05:50 Keep
05:52 Guard Tower
05:52 Guard Tower
06:05 Scout Tower
06:06 Scout Tower
06:12 Scout Tower
06:14 Scout Tower
06:42 Guard Tower
07:51 Blacksmith
07:53 Blacksmith
08:12 Scout Tower
08:13 Scout Tower
08:14 Scout Tower
08:15 Scout Tower
08:16 Scout Tower
08:29 Ziggurat
08:30 Ziggurat
08:31 Ziggurat
08:41 Watch Tower
08:45 Watch Tower
08:47 Watch Tower
08:50 Watch Tower
08:51 Watch Tower
08:55 Watch Tower
08:59 Watch Tower
09:02 Watch Tower
09:06 Guard Tower
09:06 Guard Tower
09:08 Castle
09:32 Spirit Tower
09:32 Spirit Tower
11:01 Scout Tower
11:02 Scout Tower
11:02 Scout Tower
11:03 Scout Tower
11:05 Scout Tower
11:06 Scout Tower
11:10 Scout Tower
11:19 Scout Tower
11:28 Scout Tower
11:30 Scout Tower
11:38 Guard Tower
11:38 Guard Tower
11:39 Guard Tower
11:47 Arcane Sanctum
11:49 Arcane Sanctum
12:03 Guard Tower
12:04 Guard Tower
12:04 Guard Tower
12:04 Guard Tower
12:10 Guard Tower
12:27 Gryphon Aviary
12:34 Gryphon Aviary
12:36 Gryphon Aviary
12:46 Scout Tower
12:47 Scout Tower
12:51 Scout Tower
12:52 Scout Tower
13:30 Guard Tower
13:30 Guard Tower
15:29 Farm
15:39 Scout Tower
15:41 Scout Tower
15:42 Scout Tower
15:43 Scout Tower
15:44 Scout Tower
15:47 Scout Tower
16:15 Guard Tower
16:15 Guard Tower
16:15 Guard Tower
16:18 Guard Tower
16:19 Guard Tower
16:19 Guard Tower
16:19 Guard Tower
16:20 Guard Tower
16:20 Guard Tower
16:20 Guard Tower
16:20 Guard Tower
16:21 Guard Tower
16:21 Guard Tower
17:24 Fortress
17:33 Watch Tower
17:35 Watch Tower
17:36 Watch Tower
17:41 Watch Tower
17:44 Watch Tower
19:44 Farm
19:47 Farm
» items
| Scroll of Regeneration | 3 | |
| Lesser Clarity Potion | 2 | |
| Scroll of Town Portal | 1 | |
| Potion of Healing | 1 | |
| Orb of Fire | 1 | |
| Potion of Mana | 1 | |
9 total
Chat log
(00:10 / All) APerfectCircle: WE G OT THE AMERICAN JESUS
(00:13 / All) APerfectCircle: SEE HIM ON THE INTERSTATE
(00:13 / Allies) warcrft: rush
(00:16 / Allies) warcrft: have to go soon
(00:19 / Allies) DoNotDisturb: I'm not rushing.
(00:27 / Allies) warcrft: ok it will be 4 v 3 soon
(00:28 / All) APerfectCircle: WE GOT THE AMERICAN JESUS
(00:32 / Allies) DoNotDisturb: Okay, bye.
(00:35 / All) APerfectCircle: HE HELPED BUILD THE PRESIDENT'S ESTATE YEAH
(00:38 / 7) DoNotDisturb: top right outside
(00:48 / 10) APerfectCircle: bot
(03:34 / All) APerfectCircle: gold or wood please guys
(03:36 / All) APerfectCircle: I'm desperate
(03:50 / All) iTH.ExCeLLeNT: XD
(03:52 / 7) DoNotDisturb: Red said he had to go earlier
(04:00 / 7) DoNotDisturb: He wanted to rush because of it
(04:08 / 10) APerfectCircle: is he still in ym base
(04:21 / 7) DoNotDisturb: no
(04:26 / 10) APerfectCircle: good
(05:20 / All) 1.x: run
(05:31 / All) APerfectCircle: gold guys
(05:35 / All) APerfectCircle: I'm desperate
(05:39 / All) APerfectCircle: my grunts need new kicks
(06:45 / All) 1.x: run
(06:48 / 10) APerfectCircle: they hitting me?
(07:51 / Allies) 1.x: well
(07:54 / Allies) 1.x: fuck you ghuys
(08:03 / 7) DoNotDisturb: Blue raged out
(08:09 / 7) DoNotDisturb: sigh
(09:05 / All) APerfectCircle: gold guys?
(09:43 / 10) APerfectCircle: good thing they mass wyrms
(09:55 / All) lpoil_Rusty137_: plz leave
(09:57 / All) lpoil_Rusty137_: u lost
(10:08 / All) DoNotDisturb: You'd like to think that.
(10:12 / All) APerfectCircle: gold guys?
(10:16 / All) lpoil_Rusty137_: u def lost
(10:20 / 10) APerfectCircle: tp geal
(10:23 / All) DoNotDisturb: We'll see about that.
(10:25 / 10) APerfectCircle: tp teal11
(11:45 / 10) APerfectCircle: mid left expo
(12:23 / All) stev18: red ive seen some epic comebacks
(12:33 / All) stev18: but u guys didnt even dent our bases
(12:41 / All) DoNotDisturb: You're about to see another.
(13:35 / 7) DoNotDisturb: might need help
(13:47 / All) stev18: thats all youve got?
(13:55 / 10) APerfectCircle: coming
(13:57 / 7) DoNotDisturb: def need help
(14:01 / 10) APerfectCircle: call to arms
(14:15 / 7) DoNotDisturb: shit lol wasn't paying attention to my bm
(14:26 / All) DoNotDisturb: I told you it would be an epic comeback.
(14:33 / All) DoNotDisturb: You all lost.
(14:35 / All) DoNotDisturb: Bella ciao, ciao, ciao!
(15:57 / All) APerfectCircle: come and get it baby
(17:08 / 7) DoNotDisturb: don't kill purple's acos, I got it
(17:12 / 7) DoNotDisturb: invisible behind his mine
(17:15 / All) APerfectCircle: want some?
(17:18 / All) APerfectCircle: come get some
(18:15 / All) APerfectCircle: haha
(18:46 / All) APerfectCircle: my team for sure to lose I thin
(18:49 / All) DoNotDisturb: k
(18:50 / All) APerfectCircle: let's stats these people
(18:56 / All) DoNotDisturb: Teal is 6-6
(19:01 / All) APerfectCircle: 21-13 is pink
(19:04 / All) DoNotDisturb: Blue is 4-3
(19:07 / All) APerfectCircle: 1-0 purp
(19:10 / All) DoNotDisturb: orange is 10-11
(19:32 / All) APerfectCircle: must be yellow's first game
(19:49 / All) APerfectCircle: yeah pink has decent rec
(19:52 / All) APerfectCircle: he needs another loss
(19:55 / All) DoNotDisturb: kk
(19:58 / All) APerfectCircle: lawls they thought they were gonna do something
(20:00 / All) APerfectCircle: I had ankh
(20:02 / All) APerfectCircle: and they had fiends
(20:06 / All) APerfectCircle: dumb assholes